 Dungeon Crawl Stone Soup version 0.17.1-2-g5865329 (webtiles) character file.

107 PossumBlood the Chopper (level 4, -4/39 HPs)
             Began as a Minotaur Fighter on Jan 19, 2016.
             Slain by Grinder (5 damage)
             ... on level 3 of the Dungeon.
             The game lasted 00:06:10 (2100 turns).

PossumBlood the Chopper (Minotaur Fighter)          Turns: 2100, Time: 00:06:13

Health: -4/39      AC:  6    Str: 22    XL:     4   Next: 56%
Magic:  3/3        EV: 10    Int:  5    God:
Gold:   71         SH:  4    Dex:  9    Spells: 0 memorised, 3 levels left

rFire  . . .     SeeInvis .     a - +0 war axe
rCold  + . .     Clarity  .     g - +0 ring mail (curse)
rNeg   . . .     SustAt   .     q - +0 buckler
rPois  .         Gourm    .     (helmet restricted)
rElec  .         Spirit   .     (no cloak)
rCorr  .         Warding  .     i - +0 pair of gloves
rMut   .         Stasis   .     (no boots)
MR     .....                    (no amulet)
Stlth  ..........               (no ring)
                                h - ring of protection from cold

@: lethally poisoned (-4 -> -8), not resistant to hostile enchantments,
extremely unstealthy
A: retaliatory headbutt, horns 2
a: no special abilities


You were on level 3 of the Dungeon.
You were not hungry.

You visited 1 branch of the dungeon, and saw 3 of its levels.

You collected 71 gold pieces.

Inventory:

Hand Weapons
 a - a +0 war axe (weapon)
Armour
 b - a +0 scale mail
 c - a +0 shield
 g - a cursed +0 ring mail (worn)
 i - a +0 pair of gloves (worn)
 q - a +0 buckler (worn)
Jewellery
 h - a ring of protection from cold (left hand)
Scrolls
 j - 3 scrolls of identify {unknown}
 k - a scroll of fear {unknown}
 n - a scroll of amnesia {unknown}
 o - a scroll of remove curse {unknown}
 p - a scroll of random uselessness {unknown}
Potions
 d - a potion of might
 l - 2 potions of curing {unknown}
 m - a potion of brilliance {unknown}
 r - 2 potions of mutation {unknown}
Comestibles
 e - a bread ration
 f - a royal jelly


   Skills:
 - Level 3.6 Fighting
 * Level 5.9 Axes
 - Level 3.6 Armour
 - Level 3.6 Shields


You had 3 spell levels left.
You didn't know any spells.

Dungeon Overview and Level Annotations

Branches:
Dungeon (3/15)

Altars:

Annotations:
D:3 Grinder


Innate Abilities, Weirdness & Mutations

You reflexively headbutt those who attack you in melee.
You have a pair of horns on your head.


Message History

You kill the adder!
You hit Grinder.
Grinder is severely wounded.
* * * LOW HITPOINT WARNING * * *
You feel sick. You block Grinder's attack. Grinder gestures at you.
You resist with significant effort.
You completely miss Grinder.
Grinder is severely wounded.
* * * LOW HITPOINT WARNING * * *
You feel sick.
Grinder grins, showing sharp teeth.
Grinder barely misses you.
You closely miss Grinder.
Grinder is severely wounded.
* * * LOW HITPOINT WARNING * * *
You feel sick. Grinder hits you.
* * * LOW HITPOINT WARNING * * *
You writhe in agony.
You die...

### ... #.. ..
#.# .# #.##.#
########.#..#
.......#.#.###
..........)..#.#
.......#5.†....#
.......<@..#.##..
.......##.......
...(... ##.#.###
....$.. ....#
......# ..#...
#####. ... #.. #.
##.# .. #S .#


You could see Grinder.

Vanquished Creatures
  4 adders
  An adder zombie (D:2)
  3 worms (D:2)
  2 adder skeletons (D:2)
  3 giant geckos
  A ball python (D:2)
  7 bats
  A bat skeleton (D:2)
  A bat zombie (D:2)
  4 giant cockroaches (D:1)
  4 goblins
  3 hobgoblins (D:2)
  2 jackals (D:2)
  4 kobolds
  2 quokkas
  A giant gecko skeleton (D:2)
  2 giant newts
  6 rats
  8 fungi (D:1)
59 creatures vanquished.

Vanquished Creatures (others)
  A giant gecko (D:2)
  A giant cockroach (D:2)
2 creatures vanquished.

Grand Total: 61 creatures vanquished

Notes
Turn   | Place    | Note
--------------------------------------------------------------
     0 | D:1      | PossumBlood the Minotaur Fighter began the quest for the Orb.
     0 | D:1      | Reached XP level 1. HP: 19/19 MP: 0/0
   267 | D:1      | Reached XP level 2. HP: 23/26 MP: 1/1
   817 | D:2      | Reached skill level 4 in Axes
  1036 | D:2      | Found a faded altar to an unknown god.
  1045 | D:2      | Reached XP level 3. HP: 13/31 MP: 2/2
  1549 | D:2      | Reached skill level 5 in Axes
  1566 | D:2      | Reached XP level 4. HP: 39/39 MP: 3/3
  2084 | D:3      | Noticed Grinder
  2086 | D:3      | Paralysed by Grinder for 2 turns
  2100 | D:3      | HP: 1/39 [Grinder (2)]
  2100 | D:3      | Slain by Grinder

Action                   |  1- 3 |  4- 6 || total
-------------------------+-------+-------++-------
Melee: War axe           |   110 |    37 ||   147
  Eat: Bread ration      |     1 |       ||     1
